 Dungeon Crawl Stone Soup version 0.31-a0-196-g86fe4a5e66 (webtiles) character file.

Game seed: 14367596384328735920

8309 qw the Markself (level 11, -1/61 HPs)
             Began as a Deep Elf Hunter on June 24, 2023.
             Was a Priest of Okawaru.
             Slain by a yak (11 damage)
             ... on level 1 of the Lair of Beasts.
             The game lasted 00:03:24 (7983 turns).

qw the Markself (Deep Elf Hunter)                   Turns: 7983, Time: 00:03:24

Health: -1/61      AC: 11    Str: 17    XL:     11   Next: 8%
Magic:  15/16      EV: 31    Int: 14    God:    Okawaru [***...]
Gold:   518        SH:  0    Dex: 26    Spells: 10/10 levels left

rFire   . . .        Y - +0 arbalest
rCold   . . .        (shield currently unavailable)
rNeg    . . .        r - +2 robe of the Hippo {Drain Str+4 Int+4 SInv}
rPois   +            (no helmet)
rElec   +            t - scarf {repulsion}
rCorr   .            o - +2 pair of gloves of the Spider Nest {Str+3}
SInv    +            q - +2 pair of boots
Will    +....        p - amulet of faith
Stlth   ++++         c - ring "Wuxzoac" {rElec rPois Int-5 Dex+6 Slay+5}
HPRegen 0.30/turn    k - +5 ring of evasion
MPRegen 0.15/turn

%: repel missiles, faith
@: heroic
A: fangs 1, MP-powered wands
a: Renounce Religion, Heroism


You were on level 1 of the Lair of Beasts.
You worshipped Okawaru.
Okawaru was most pleased with you.
You visited 3 branches of the dungeon, and saw 11 of its levels.

You collected 518 gold pieces.


Innate Abilities, Weirdness & Mutations

You have very sharp teeth.
You expend magic power (3 MP) to strengthen your wands.


   Skills:
 + Level 4.0(9.0) Fighting
 - Level 18.2(23.2) Ranged Weapons
 - Level 1.1(6.1) Armour
 - Level 10.0(15.0) Dodging
 - Level 1.2(6.2) Stealth
 - Level 4.0 Invocations


You had 10 spell levels left.
You didn't know any spells.
Your spell library was empty.

Inventory:

Hand Weapons
 Y - a +0 arbalest (weapon)
Armour
 f - a +0 ring mail
 o - the +2 pair of gloves of the Spider Nest (worn) {Str+3}
   (You acquired it on level 4 of the Dungeon)

   Str:       It affects your strength (+3).
 q - a +2 pair of boots (worn)
 r - the +2 robe of the Hippo (worn) {Drain Str+4 Int+4 SInv}
   (You found it on level 3 of the Dungeon)

   Str:       It affects your strength (+4).
   Int:       It affects your intelligence (+4).
   SInv:      It lets you see invisible.
   Drain:     It drains your maximum health when unequipped.
 t - a scarf of repulsion (worn)
Jewellery
 a - an amulet of reflection
 c - the ring "Wuxzoac" (left hand) {rElec rPois Int-5 Dex+6 Slay+5}
   (You acquired it on level 2 of the Dungeon)

   [ring of dexterity]

   Int:       It affects your intelligence (-5).
   Dex:       It affects your dexterity (+6).
   Slay:      It affects your accuracy & damage with ranged weapons and melee
   (+5).
   rElec:     It insulates you from electricity.
   rPois:     It protects you from poison.
 k - a +5 ring of evasion (right hand)
 l - a ring of fire
 n - the ring "Horoepu" {Ice rPois}
   (You found it on level 2 of the Dungeon)

   [ring of ice]

   It enhances your ice magic.
   rF:        It makes you vulnerable to fire.
   rC:        It protects you from cold.
   rPois:     It protects you from poison.
 p - an amulet of faith (around neck)
Scrolls
 i - 4 scrolls of identify
 j - 2 scrolls of teleportation
Potions
 b - 3 potions of haste
 d - 7 potions of curing
 e - a potion of enlightenment
 g - 2 potions of heal wounds
 h - 2 potions of resistance
 m - 4 potions of mutation

Dungeon Overview and Level Annotations

Branches:
Dungeon (9/15)             Temple (1/1) D:7            Lair (1/5) D:9
    Orc (0/2) D:9

Altars:
Ashenzari
Cheibriados
Dithmenos
Elyvilon
Fedhas
Gozag
Hepliaklqana
Kikubaaqudgha
Makhleb
Nemelex Xobeh
Okawaru
Qazlal
Ru
Sif Muna
Trog
Uskayaw
Vehumet
Wu Jian
Xom
Yredelemnul
Zin
The Shining One

Shops:
D:1 (

Annotations:
D:7 3 runed translucent doors, qw's ghost, novice GrFi


Message History

The yak completely misses you. x2; The yak barely misses you.
The yak misses you.
You shoot a bolt. The bolt hits the yak!
You kill the yak!
Okawaru accepts your kill. The yak misses you. x2
You shoot a bolt. The bolt hits the yak!
The yak is heavily wounded.
The yak gores you. The yak gores you but does no damage. The yak gores you!
The yak barely misses you.
7974 ||| INVOKING Heroism.
You gain the combat prowess of a mighty hero.
The yak completely misses you. x2; The yak gores you!
The yak misses you.
You shoot a bolt. The bolt barely misses the yak.
The yak gores you.
The yak misses you. x2; The yak completely misses you.
You shoot a bolt. The bolt closely misses the yak.
The yak barely misses you. The yak gores you but does no damage.
The yak completely misses you. x2
You shoot a bolt. The bolt barely misses the yak.
The yak completely misses you. The yak misses you. x3
You shoot a bolt. The bolt hits the yak!
The yak is severely wounded.
The yak completely misses you. x2; The yak misses you. x2
You shoot a bolt. The bolt hits the yak.
The yak is severely wounded.
The yak barely misses you. The yak completely misses you. x3
You shoot a bolt. The bolt barely misses the yak.
The yak completely misses you. x2; The yak misses you. x2
You shoot a bolt. The bolt hits the yak.
The yak is almost dead.
The yak completely misses you. The yak closely misses you. The yak gores you!
The yak completely misses you.
You shoot a bolt. The bolt hits the yak!!
You kill the yak!
Okawaru accepts your kill. The yak barely misses you. The yak misses you.
The yak completely misses you.
Your base Dodging skill increases to level 10!
You shoot a bolt. The bolt hits the yak!!
The yak is severely wounded.
The yak gores you! The yak completely misses you. The yak gores you!
You die...

.. ... .# .. ..# .##.#
## ....# #.####+###
.... #.......# .####
####.......## ....#
#..'......Y%### ##..#
##.#......@Y..#
....###.........Y##..#
.#..'...##.......# ..+
....#####........# #
.#..# #####..+.# #...#
##..+# ###.# .... .##
.#.... .


You could see 3 yaks.

Vanquished Creatures
  A demonic crawler (Lair:1)
  A manticore (D:8)
  Prince Ribbit (D:5)
  A hornet (D:7)
  2 vampires (D:9)
  A wraith (D:9)
  12 yaks
  5 wargs (D:9)
  A swamp worm (Lair:1)
  4 water moccasins
  4 black bears
  An ice beast (D:8)
  4 orc warriors
  2 ogres
  A centaur (D:6)
  2 kobold brigands
  6 bullfrogs
  2 gnoll sergeants
  A scorpion (D:5)
  5 wights (D:9)
  10 killer bees
  3 howler monkeys
  A hound (D:5)
  A gnoll bouda (D:6)
  2 jellies
  13 orc priests
  3 iguanas (D:6)
  A sleepcap (D:6)
  6 orc wizards
  15 gnolls
  9 adders
  A shadow imp (D:8)
  A white imp (D:7)
  4 worms
  4 dart slugs
  33 orcs
  9 ball pythons
  3 endoplasms
  A giant cockroach (D:2)
  6 hobgoblins
  5 jackals
  4 quokkas
  3 bats
  5 frilled lizards
  12 goblins
  19 kobolds
  4 rats
235 creatures vanquished.

Notes
Turn   | Place    | Note
-------+----------+-------------------------------------------
     0 | D:1      | qw the Deep Elf Hunter began the quest for the Orb.
     0 | D:1      | Reached XP level 1. HP: 12/12 MP: 3/3
     0 | D:1      | 0 ||| qw: Version: 0.3-a-9-g12657ce
     0 | D:1      | 0 ||| qw: Game counter: 4849
     0 | D:1      | 0 ||| qw: Always use a shield: true
     0 | D:1      | 0 ||| qw: God list: Okawaru
     0 | D:1      | 0 ||| qw: Allow faded altars: false
     0 | D:1      | 0 ||| qw: Do Orc after D:15 true
     0 | D:1      | 0 ||| qw: Do second Lair branch before Depths: true
     0 | D:1      | 0 ||| qw: Lair rune preference: random
     0 | D:1      | 0 ||| qw: Plans: Normal
     0 | D:1      | 0 ||| PLANNING D:1-11
   279 | D:1      | Reached XP level 2. HP: 16/16 MP: 4/4
   284 | D:1      | Found Xekinat's Weapon Shoppe.
   287 | D:1      | Reached skill level 6 in Ranged Weapons
  1052 | D:1      | 1052 ||| UPGRADING to +0 scale mail.
  1062 | D:1      | 1062 ||| DROPPING +0 leather armour.
  1063 | D:1      | 1063 ||| UPGRADING to +0 ring mail.
  1073 | D:1      | 1073 ||| DROPPING +0 scale mail.
  1074 | D:1      | 1074 ||| READING scroll labelled KYABBA ANOSHEJ.
  1077 | D:1      | 1077 ||| READING scroll labelled FYPRIN PUCH.
  1078 | D:1      | 1078 ||| DRINKING 2 green potions.
  1079 | D:1      | 1079 ||| DROPPING scroll of butterflies.
  1205 | D:2      | Reached XP level 3. HP: 20/20 MP: 5/5
  1476 | D:2      | Reached skill level 7 in Ranged Weapons
  1500 | D:2      | Identified the ring "Horoepu" {Ice rPois}
  1657 | D:2      | 1657 ||| UPGRADING to +5 ring of evasion.
  1658 | D:2      | 1658 ||| UPGRADING to ring "Horoepu" {Ice rPois}.
  1659 | D:2      | 1659 ||| READING scroll labelled DUNILAMONTY.
  1660 | D:2      | 1660 ||| READING scroll labelled GEXAAPIGUL.
  1660 | D:2      | Identified a scroll of acquirement
  1660 | D:2      | 1660 ||| ACQUIRING ring "Wuxzoac" {rElec rPois Int-5 Dex+6
                  | Slay+5}
  1660 | D:2      | Acquired the ring "Wuxzoac" {rElec rPois Int-5 Dex+6
                  | Slay+5}
  1662 | D:2      | 1662 ||| UPGRADING to ring "Wuxzoac" {rElec rPois Int-5
                  | Dex+6 Slay+5}.
  1664 | D:2      | 1664 ||| REMOVING ring "Horoepu" {Ice rPois}.
  1665 | D:2      | 1665 ||| UPGRADING to +5 ring of evasion.
  1666 | D:2      | 1666 ||| READING scroll labelled OSUUZ BOIMUSE.
  1667 | D:2      | 1667 ||| DRINKING 2 blue potions.
  1668 | D:2      | 1668 ||| DRINKING 2 purple potions.
  1669 | D:2      | 1669 ||| DRINKING 2 bubbling pink potions.
  1670 | D:2      | 1670 ||| DROPPING potion of brilliance.
  1875 | D:3      | Reached XP level 4. HP: 25/25 MP: 6/6
  2204 | D:3      | 2204 ||| Stepping ~*~*~tactically~*~*~ (outnumbered).
  2292 | D:3      | Reached skill level 8 in Ranged Weapons
  2310 | D:3      | Identified the +2 robe of the Hippo {Drain Str+4 Int+4
                  | SInv}
  2410 | D:3      | 2410 ||| UPGRADING to +1 pair of boots.
  2415 | D:3      | 2415 ||| UPGRADING to +2 robe of the Hippo {Drain Str+4
                  | Int+4 SInv}.
  2425 | D:3      | 2425 ||| READING scroll labelled USIMEX YJASCH.
  2426 | D:3      | 2426 ||| READING scroll labelled ATYUMO ACLEDOC.
  2427 | D:3      | 2427 ||| READING scroll labelled CESOJE KALI.
  2434 | D:4      | You fall into a shaft and drop 1 floor!
  2434 | D:5      | Entered Level 5 of the Dungeon
  2498 | D:5      | Noticed a scorpion
  2501 | D:5      | Killed a scorpion
  2502 | D:5      | Reached XP level 5. HP: 29/29 MP: 7/7
  2523 | D:5      | Noticed a water moccasin
  2526 | D:5      | Killed a water moccasin
  2527 | D:5      | Reached skill level 9 in Ranged Weapons
  2527 | D:5      | Reached XP level 6. HP: 34/34 MP: 8/8
  2696 | D:5      | 2696 ||| SWAPPING to +0 arbalest.
  2697 | D:5      | 2697 ||| DROPPING +0 shortbow of draining.
  2701 | D:5      | 2701 ||| UPGRADING to +0 pair of gloves.
  2706 | D:5      | 2706 ||| READING scroll labelled PAAGIGG XIXKEG.
  2707 | D:5      | 2707 ||| READING 2 scrolls of identify.
  2707 | D:5      | 2707 ||| IDENTIFYING glowing emerald potion
  2708 | D:5      | 2708 ||| DROPPING potion of lignification.
  2849 | D:4      | Reached skill level 10 in Ranged Weapons
  2932 | D:4      | Reached XP level 7. HP: 40/40 MP: 9/9
  3051 | D:4      | 3051 ||| READING scroll of acquirement.
  3051 | D:4      | 3051 ||| ACQUIRING +2 pair of gloves of the Spider Nest
                  | {Str+3}
  3051 | D:4      | Acquired the +2 pair of gloves of the Spider Nest {Str+3}
  3053 | D:4      | 3053 ||| UPGRADING to +2 pair of gloves of the Spider Nest
                  | {Str+3}.
  3063 | D:4      | 3063 ||| DROPPING +0 pair of gloves.
  3685 | D:4      | 3685 ||| UPGRADING to amulet of reflection.
  3690 | D:4      | 3690 ||| DRINKING 2 golden potions.
  3691 | D:4      | 3691 ||| DRINKING 2 black potions.
  3691 | D:4      | Gained mutation: You expend magic power (3 MP) to
                  | strengthen your wands. [potion of mutation]
  3691 | D:4      | Gained mutation: You have very sharp teeth. [potion of
                  | mutation]
  3692 | D:4      | 3692 ||| READING 4 scrolls of identify.
  3692 | D:4      | 3692 ||| IDENTIFYING orange potion
  3693 | D:4      | 3693 ||| READING 3 scrolls of identify.
  3693 | D:4      | 3693 ||| IDENTIFYING puce potion
  3694 | D:4      | 3694 ||| DROPPING potion of degeneration.
  3812 | D:5      | Noticed Prince Ribbit
  3819 | D:5      | Killed Prince Ribbit
  3820 | D:5      | Reached skill level 11 in Ranged Weapons
  4028 | D:5      | Reached XP level 8. HP: 44/44 MP: 10/10
  4168 | D:5      | Reached skill level 12 in Ranged Weapons
  4195 | D:5      | 4195 ||| DROPPING +6 ring of strength.
  4196 | D:5      | 4196 ||| READING 3 scrolls labelled HUWAZOXK GESYIV.
  4197 | D:5      | 4197 ||| DROPPING 2 scrolls of poison.
  4239 | D:6      | Reached skill level 6 in Dodging
  4288 | D:6      | Reached skill level 3 in Fighting
  4334 | D:6      | Reached skill level 13 in Ranged Weapons
  4730 | D:6      | 4730 ||| DROPPING amulet of regeneration.
  4731 | D:6      | 4731 ||| DROPPING +6 ring of intelligence.
  4732 | D:6      | 4732 ||| READING scroll labelled YGAPOL ZIXI.
  4733 | D:6      | 4733 ||| READING 3 scrolls of identify.
  4733 | D:6      | 4733 ||| IDENTIFYING fizzy grey potion
  4734 | D:6      | 4734 ||| DROPPING potion of ambrosia.
  4769 | D:7      | Found a runed translucent gate.
  4769 | D:7      | Found a runed translucent gate.
  4790 | D:7      | Reached XP level 9. HP: 51/51 MP: 11/11
  4822 | D:7      | Reached skill level 14 in Ranged Weapons
  4967 | D:7      | Found an opulent altar of Gozag.
  4979 | D:7      | Found a runed translucent gate.
  4985 | D:7      | Noticed qw's ghost (novice GrFi)
  5031 | D:7      | Found a staircase to the Ecumenical Temple.
  5032 | D:7      | 5032 ||| PLANNING TEMPLE
  5032 | D:7      | 5032 ||| UPGRADING to scarf of repulsion.
  5037 | D:7      | 5037 ||| UPGRADING to amulet of faith.
  5047 | D:7      | 5047 ||| DROPPING ring of see invisible.
  5054 | Temple   | Entered the Ecumenical Temple
  5130 | Temple   | 5130 ||| PLANNING OKAWARU WORSHIP
  5145 | Temple   | Became a worshipper of Warmaster Okawaru
  5146 | Temple   | 5146 ||| PLANNING D:1-11
  5185 | D:7      | Found a glowing golden altar of the Shining One.
  5889 | D:7      | 5889 ||| Stepping randomly (stuck).
  5915 | D:8      | Noticed a manticore
  5919 | D:8      | Killed a manticore
  5920 | D:8      | Reached skill level 15 in Ranged Weapons
  5930 | D:8      | 5930 ||| Stepping ~*~*~tactically~*~*~ (outnumbered).
  5932 | D:8      | 5932 ||| Stepping ~*~*~tactically~*~*~ (outnumbered).
  6247 | D:8      | Reached * piety under Okawaru
  6257 | D:8      | Reached skill level 1 in Invocations
  6714 | D:9      | Reached skill level 1 in Armour
  6717 | D:9      | 6717 ||| INVOKING Heroism.
  6720 | D:9      | HP: 11/52 [yak (9)]
  6721 | D:9      | 6721 ||| READING scroll of teleportation.
  6722 | D:9      | 6722 ||| DRINKING 3 potions of heal wounds.
  6758 | D:9      | 6758 ||| INVOKING Heroism.
  6763 | D:9      | Reached XP level 10. HP: 31/56 MP: 11/14
  6774 | D:9      | Reached skill level 3 in Invocations
  6870 | D:9      | 6870 ||| FLEEEEING.
  6871 | D:9      | 6871 ||| FLEEEEING.
  6872 | D:9      | 6872 ||| FLEEEEING.
  6873 | D:9      | 6873 ||| FLEEEEING.
  6874 | D:9      | 6874 ||| FLEEEEING.
  6875 | D:9      | 6875 ||| FLEEEEING.
  6901 | D:9      | Found a staircase to the Orcish Mines.
  6904 | D:9      | 6904 ||| Stepping ~*~*~tactically~*~*~ (outnumbered).
  6905 | D:9      | 6905 ||| Stepping ~*~*~tactically~*~*~ (outnumbered).
  6916 | D:9      | 6916 ||| INVOKING Heroism.
  6956 | D:9      | Reached skill level 16 in Ranged Weapons
  6979 | D:9      | Reached ** piety under Okawaru
  7027 | D:9      | Found a radiant altar of Vehumet.
  7027 | D:9      | Found a faded altar of an unknown god.
  7035 | D:9      | Found a burning altar of Makhleb.
  7037 | D:9      | Found an ancient bone altar of Kikubaaqudgha.
  7039 | D:9      | Found a hide-covered altar of Uskayaw.
  7088 | D:9      | Reached skill level 9 in Dodging
  7089 | D:9      | 7089 ||| INVOKING Heroism.
  7100 | D:9      | 7100 ||| INVOKING Heroism.
  7111 | D:9      | 7111 ||| INVOKING Heroism.
  7239 | D:9      | Reached skill level 17 in Ranged Weapons
  7270 | D:9      | 7270 ||| Stepping ~*~*~tactically~*~*~ (outnumbered).
  7272 | D:9      | 7272 ||| Stepping ~*~*~tactically~*~*~ (outnumbered).
  7314 | D:9      | Found a staircase to the Lair.
  7707 | D:9      | 7707 ||| PLANNING LAIR
  7707 | D:9      | 7707 ||| DROPPING +1 pair of gloves.
  7708 | D:9      | 7708 ||| DROPPING amulet of the acrobat.
  7751 | Lair:1   | Entered Level 1 of the Lair of Beasts
  7760 | Lair:1   | Reached *** piety under Okawaru
  7786 | Lair:1   | 7786 ||| INVOKING Heroism.
  7789 | Lair:1   | Noticed a demonic crawler
  7801 | Lair:1   | 7801 ||| INVOKING Heroism.
  7805 | Lair:1   | Killed a demonic crawler
  7806 | Lair:1   | Reached skill level 18 in Ranged Weapons
  7917 | Lair:1   | Reached XP level 11. HP: 61/61 MP: 16/16
  7929 | Lair:1   | 7929 ||| READING scroll of enchant armour.
  7929 | Lair:1   | 7929 ||| ENCHANTING +1 pair of boots.
  7974 | Lair:1   | 7974 ||| INVOKING Heroism.
  7983 | Lair:1   | HP: 10/61 [yak (7)]
  7983 | Lair:1   | Slain by a yak

Levels and vault maps discovered:
D:1:      minmay_arrival_floating_metal, layout_basic, serial_shops, shop
D:2:      layout_loops_ring
D:3:      layout_loops_ring, minmay_joined_circles
D:4:      layout_basic, skrybe_limestone_x, supply_closet_lemuel,
          minmay_increasing_density
D:5:      layout_basic, uniq_prince_ribbit1
D:6:      layout_rooms, minmay_manual_mess
D:7:      layout_rooms, kennysheep_mini_moat,
          mainiacjoe_overflow_six_doors_small, minmay_temple_entry_proselytizer,
          ebering_ghost_rock_garden, david_defended_altar_orc
D:8:      layout_layer_cave, kennysheep_generic_room_8
D:9:      layout_irregular_city, chequers_temple_overflow_minitemple,
          erik_lair_orcish_takeover, david_orc_3
Temple:   lightli_temple_of_artemis
Lair:1:   layout_roguey, basic_altar, worms_lemuel, grunt_megastairs_1,
          serial_bayou_shore_b, lemuel_fruit_tree, uniq_gastronok

Skill      XL: |  1  2  3  4  5  6  7  8  9 10 11 |
---------------+----------------------------------+-----
Ranged Weapons | 6 7 8 9 10 11 13 15 18 | 18.2
Dodging        | 4 5 7 8 9 10 | 10.0
Fighting       | 2 3 4 |  4.0
Invocations    | 2 4 |  4.0
Armour         | 1 |  1.1
Stealth        | |  1.2

Action                     |  1- 3 |  4- 6 |  7- 9 | 10-12 || total
---------------------------+-------+-------+-------+-------++-------
   Fire: Shortbow          |    83 |    47 |       |       ||   130
         Arbalest          |       |    27 |   225 |   157 ||   409
 Invoke: Heroism           |       |       |     2 |     7 ||     9
    Use: Scroll            |     5 |     5 |     7 |     1 ||    18
         Potion            |     4 |       |     3 |       ||     7
 Armour: Leather armour    |     8 |       |       |       ||     8
         Ring mail         |     2 |     3 |       |       ||     5
         Robe              |       |     1 |    16 |    13 ||    30
  Dodge: Dodged            |    12 |    13 |    99 |   156 ||   280
         Repelled          |       |       |     2 |       ||     2
  Block: Other             |       |       |    12 |       ||    12

Table legend:
 A = Non-vault XP
 B = Vault XP
 C = Vault XP percentage of total XP
 D = Non-vault monster count
 E = Vault monster count
 F = Vault count percentage of total count
                 A         B        C        D         E       F
            +---------+---------+-------+---------+---------+-------
      Total |    8347 |    3524 |  29.7 |     188 |      47 |  20.0
            +---------+---------+-------+---------+---------+-------
        D:1 |      27 |       0 |   0.0 |      18 |       0 |   0.0
        D:2 |      46 |       0 |   0.0 |      14 |       0 |   0.0
        D:3 |      51 |      47 |  48.0 |      16 |      10 |  38.5
        D:4 |     306 |      81 |  20.9 |      28 |       8 |  22.2
        D:5 |     735 |     283 |  27.8 |      12 |       1 |   7.7
        D:6 |     907 |     181 |  16.6 |      26 |       3 |  10.3
        D:7 |    1179 |     164 |  12.2 |      21 |       4 |  16.0
        D:8 |     376 |     495 |  56.8 |      14 |       1 |   6.7
        D:9 |    3432 |    1322 |  27.8 |      30 |      18 |  37.5
     Lair:1 |    1288 |     951 |  42.5 |       9 |       2 |  18.2
            +---------+---------+-------+---------+---------+-------
